 Dungeon Crawl Stone Soup version 0.21.1-1-g345015f (webtiles) character file.

1496 Mirai the Thaumaturge (level 8, 0/41 HPs)
             Began as a Deep Elf Conjurer on Mar 30, 2018.
             Was an Initiate of Vehumet.
             Slain by shugdite's ghost (15 damage)
             ... on level 6 of the Dungeon.
             The game lasted 00:19:33 (5172 turns).

Mirai the Thaumaturge (Deep Elf Conjurer)           Turns: 5172, Time: 00:19:34

Health: 0/41       AC:  4    Str:  5    XL:     8   Next: 51%
Magic:  17/24      EV: 13    Int: 23    God:    Vehumet [......]
Gold:   289        SH:  0    Dex: 15    Spells: 12/28 levels left

rFire    + . .     SeeInvis .   q - staff of wizardry
rCold    . . .     Gourm    +   (no shield)
rNeg     + . .     Faith    .   a - +1 robe
rPois    .         Spirit   .   (helmet restricted)
rElec    .         Reflect  .   (no cloak)
rCorr    .         Harm     .   (no gloves)
MR       .....                  (no boots)
Stlth    ++........             i - amulet of the gourmand
HPRegen  0.53/turn              f - +1 ring of protection
MPRegen  0.19/turn              s - ring of positive energy

@: about to teleport
A: antennae 1, claws 1, fire resistance 1, regeneration 1, evolution 1
a: Renounce Religion


You were on level 6 of the Dungeon.
You worshipped Vehumet.
Vehumet was noncommittal.
You were completely stuffed.

You visited 1 branch of the dungeon, and saw 6 of its levels.

You collected 289 gold pieces.

Inventory:

Hand Weapons
 u - a +1 quarterstaff
Armour
 a - a +1 robe (worn)
Magical Staves
 q - an uncursed staff of wizardry (weapon)
Jewellery
 f - a +1 ring of protection (left claw)
 i - an amulet of the gourmand (around neck)
 s - a ring of positive energy (right claw)
Wands
 y - a wand of flame (50)
Scrolls
 d - 5 scrolls of identify
 h - a scroll of amnesia
 j - a scroll of magic mapping
 m - 4 scrolls of teleportation
 n - 2 scrolls of enchant weapon
 p - 2 scrolls of fog
 r - 2 scrolls of fear
 t - 3 scrolls of remove curse
Potions
 e - 4 potions of curing
 g - a potion of heal wounds
 k - 3 potions of agility
 l - 2 potions of flight {unknown}
 o - a potion of invisibility
 x - a potion of cancellation {unknown}
Books
 b - a book of Conjurations

   Spells                             Type                      Level
   a - Magic Dart                     Conjuration                  1
   b - Searing Ray                    Conjuration                  2
   c - Dazzling Spray                 Conjuration/Hexes            3
   d - Fulminant Prism                Conjuration/Hexes            4
   e - Force Lance                    Conjuration/Translocation    4
   f - Iskenderun's Mystic Blast      Conjuration                  4
 v - a Young Poisoner's Handbook

   Spells                             Type                      Level
   a - Sting                          Conjuration/Poison           1
   b - Poisonous Vapours              Poison/Air                   2
   c - Mephitic Cloud                 Conjuration/Poison/Air       3
   d - Olgreb's Toxic Radiance        Poison                       4
   e - Venom Bolt                     Conjuration/Poison           5
 w - a book of Battle

   Spells                             Type                      Level
   a - Infusion                       Charms                       1
   b - Shroud of Golubria             Charms/Translocation         2
   c - Song of Slaying                Charms                       2
   d - Spectral Weapon                Hexes/Charms                 3
   e - Regeneration                   Charms/Necromancy            3
Comestibles
 c - 10 rations
 z - 3 chunks of flesh


   Skills:
 - Level 2.4 Dodging
 - Level 2.4 Stealth
 + Level 10.8 Spellcasting
 + Level 6.9 Conjurations
 + Level 6.2 Hexes


You had 12 spell levels left.
You knew the following spells:

 Your Spells              Type           Power        Failure   Level  Hunger
a - Magic Dart            Conj           ####         1%          1    None
b - Searing Ray           Conj           #####.       1%          2    None
c - Iskenderun's Mystic   Conj           #####...     1%          4    None
d - Fulminant Prism       Conj/Hex       #####.....   1%          4    None
e - Shroud of Golubria    Chrm/Tloc      ##........   3%          2    None
f - Mephitic Cloud        Conj/Pois/Air  ###.....     2%          3    None


Dungeon Overview and Level Annotations

Branches:
Dungeon (6/15)             Temple (0/1) D:6

Altars:
Fedhas
Vehumet
Zin
The Shining One

Shops:
D:5 =

Annotations:
D:6 shugdite's ghost, novice MiGl


Innate Abilities, Weirdness & Mutations

You have a pair of small antennae on your head.
You have sharp fingernails.
Your flesh is heat resistant. (rF+)
Your natural rate of healing is unusually fast.
You evolve.


Message History

Aiming: Iskenderun's Mystic Blast
Press: ? - help, Shift-Dir - straight line, f/p - shugdite's ghost
Aim: shugdite's ghost (moderately damaged)
The orb of energy hits shugdite's ghost.
Shugdite's ghost is moderately damaged.
The orb of energy explodes!
Shugdite's ghost hits you!
Unknown command.
As you read the scroll of fear, it crumbles to dust.
You assume a fearsome visage.
The hound looks frightened!
Shugdite's ghost is unaffected.
Shugdite's ghost says, "I was once a great warrior, and I still am!"
Shugdite's ghost hits you.
Unknown command.
Cornered, the hound turns to fight!
Shugdite's ghost misses you.
As you read the scroll of teleportation, it crumbles to dust.
You feel strangely unstable.
The hound pauses to sniff the ground.
Shugdite's ghost hits you! The hound bites you but does no damage.
Shugdite's ghost hits you!
You die...

#...#...#...#.#
##.###.###.##.#
####
#...#...#...#.#
#...
#.⌠...⌠...⌠.#.#
#.##
#...#...#...###
#.##
##.###.######
#.## #...#...#
#.##
#.Wh#.⌠...h.#
#.##
#..@#..h#...#
###...
#############
#..... #.###.
#.# ## #.# #
##.# # #..# #
#.## # #.# #


You could see a hound and shugdite's ghost.

Vanquished Creatures
  2 sky beasts
  3 phantoms
  An ice beast (D:4)
  An ogre (D:4)
  An orc warrior (D:6)
  A jelly (D:6)
  2 hounds (D:4)
  3 orc priests
  A centaur skeleton (D:6)
  2 iguanas
  Natasha (thrice) (D:2 D:3)
  3 orc wizards
  3 worker ants
  A worker ant zombie (D:4)
  7 gnolls
  5 adders
  A shadow imp (D:6)
  2 adder skeletons
  An adder zombie (D:5)
  8 worms
  3 dart slugs
  2 leopard geckos
  23 orcs
  A ball python (D:5)
  7 bats
  10 giant cockroaches
  5 goblins
  3 hobgoblins
  10 jackals
  4 quokkas
  A ball python zombie (D:4)
  6 frilled lizards
  A giant cockroach zombie (D:5)
  8 kobolds
  A leopard gecko skeleton (D:4)
  A quokka skeleton (D:4)
  7 rats
144 creatures vanquished.

Vanquished Creatures (others)
  2 fulminant prisms (D:6)
2 creatures vanquished.

Grand Total: 146 creatures vanquished

Notes
Turn   | Place    | Note
-------+----------+-------------------------------------------
     0 | D:1      | Mirai the Deep Elf Conjurer began the quest for the Orb.
     0 | D:1      | Reached XP level 1. HP: 10/10 MP: 6/6
   155 | D:1      | Reached skill level 4 in Spellcasting
   155 | D:1      | Reached XP level 2. HP: 15/15 MP: 6/9
   164 | D:1      | Learned a level 2 spell: Searing Ray
   858 | D:2      | Found a glowing silver altar of Zin.
   913 | D:2      | Noticed Natasha
   917 | D:2      | Killed Natasha
   917 | D:2      | Reached skill level 5 in Spellcasting
   917 | D:2      | Reached XP level 3. HP: 19/19 MP: 6/12
   967 | D:2      | Found a glowing golden altar of the Shining One.
   983 | D:2      | Reached skill level 6 in Spellcasting
   983 | D:2      | Reached XP level 4. HP: 8/24 MP: 4/14
  1005 | D:2      | Noticed Natasha
  1009 | D:2      | Killed Natasha
  1230 | D:2      | Reached skill level 7 in Spellcasting
  1573 | D:2      | Found a glowing golden altar of the Shining One.
  1626 | D:3      | Reached XP level 5. HP: 28/28 MP: 12/16
  1659 | D:3      | Learned a level 4 spell: Iskenderun's Mystic Blast
  1664 | D:3      | Learned a level 4 spell: Fulminant Prism
  2128 | D:3      | Noticed Natasha
  2134 | D:3      | Killed Natasha
  2477 | D:3      | Reached skill level 8 in Spellcasting
  2538 | D:3      | Gained mutation: You tend to lose your temper in combat. [potion of mutation]
  2538 | D:3      | Gained mutation: You occasionally shout uncontrollably at your foes. [potion of mutation]
  2538 | D:3      | Gained mutation: You have a pair of small horns on your head. [potion of mutation]
  2538 | D:3      | Lost mutation: You tend to lose your temper in combat. [potion of mutation]
  2539 | D:3      | Lost mutation: You have a pair of small horns on your head. [potion of mutation]
  2539 | D:3      | Lost mutation: You occasionally shout uncontrollably at your foes. [potion of mutation]
  2539 | D:3      | Gained mutation: Your natural rate of healing is unusually fast. [potion of mutation]
  2539 | D:3      | Gained mutation: You evolve. [potion of mutation]
  2539 | D:3      | Gained mutation: You have sharp fingernails. [potion of mutation]
  2539 | D:3      | Gained mutation: You have a pair of small antennae on your head. [potion of mutation]
  2698 | D:4      | Reached XP level 6. HP: 31/32 MP: 6/19
  2863 | D:4      | HP: 1/32 [gnoll/spear (7)]
  2952 | D:4      | Reached skill level 9 in Spellcasting
  2996 | D:4      | Reached skill level 1 in Hexes
  3099 | D:4      | Reached XP level 7. HP: 20/36 MP: 0/21
  3182 | D:4      | Reached skill level 5 in Conjurations
  3764 | D:4      | Reached skill level 10 in Spellcasting
  3777 | D:4      | Gained mutation: Your flesh is heat resistant. (rF+) [evolution]
  3891 | D:5      | Entered Level 5 of the Dungeon
  3980 | D:5      | Learned a level 2 spell: Shroud of Golubria
  4209 | D:5      | Found a radiant altar of Vehumet.
  4229 | D:5      | Reached XP level 8. HP: 41/41 MP: 13/24
  4238 | D:5      | Became a worshipper of Vehumet
  4292 | D:5      | Found Geudghiyf's Jewellery Shop.
  4305 | D:5      | Reached skill level 5 in Hexes
  4451 | D:5      | Found a blossoming altar of Fedhas.
  4561 | D:6      | Learned a level 3 spell: Mephitic Cloud
  4588 | D:6      | Noticed shugdite's ghost (novice MiGl)
  5155 | D:6      | Found a staircase to the Ecumenical Temple.
  5172 | D:6      | Slain by shugdite's ghost

Skill      XL: |  1  2  3  4  5  6  7  8 |
---------------+-------------------------+-----
Spellcasting   | 4 5 6 7 8 9 10 | 10.8
Hexes          | 2 4 6 |  6.2
Conjurations   | 6 |  6.9
Dodging        | |  2.4
Stealth        | |  2.4

Action                   |  1- 3 |  4- 6 |  7- 9 || total
-------------------------+-------+-------+-------++-------
Melee: Unarmed           |     8 |     1 |       ||     9
       Quarterstaff      |       |    28 |     7 ||    35
       Staff             |       |       |    10 ||    10
 Cast: Magic Dart        |    43 |    94 |    59 ||   196
       Searing Ray       |     1 |    22 |    32 ||    55
       Iskenderun's Myst |       |     3 |    11 ||    14
       Shroud of Golubri |       |       |     1 ||     1
       Fulminant Prism   |       |       |     2 ||     2
       Mephitic Cloud    |       |       |     1 ||     1
  Use: Scroll            |       |     9 |     4 ||    13
       Potion            |       |     8 |     2 ||    10
  Eat: Chunk             |       |     7 |    16 ||    23
Armor: Robe              |     5 |     8 |    10 ||    23
Dodge: Dodged            |    15 |    59 |    40 ||   114
